 Dungeon Crawl Stone Soup version 0.25-a0-504-g768f60da87 (webtiles) character file.

Game seed: 15495899407054710065, levelgen mode: deterministic

37 Forecaster the Magician (level 3, -1/28 HPs)
             Began as a Naga Wizard on Feb 14, 2020.
             Slain by a worm (9 damage)
             ... on level 2 of the Dungeon.
             The game lasted 00:10:06 (1224 turns).

Forecaster the Magician (Naga Wizard)               Turns: 1224, Time: 00:10:07

Health: -1/28      AC:  3    Str:  9    XL:     3   Next: 39%
Magic:  0/8        EV: 10    Int: 21    God:
Gold:   51         SH:  0    Dex: 10    Spells: 8/9 levels left

rFire    . . .     SeeInvis +   m - +0 dagger
rCold    . . .     Gourm    .   (no shield)
rNeg     . . .     Faith    .   v - +0 robe
rPois    +         Spirit   .   b - +0 hat
rElec    .         Reflect  .   k - +0 cloak
rCorr    .         Harm     .   (no gloves)
MR       .....                  (no barding)
Stlth    ++........             (no amulet)
HPRegen  0.09/turn              r - +3 ring of intelligence
MPRegen  0.11/turn              (no ring)

@: very slightly contaminated, very slow
A: large, see invisible, deformed body, poison resistance, slowness 2, slow
metabolism 1, spit poison 1, AC +1
a: Spit Poison


You were on level 2 of the Dungeon.
You were not hungry.

You visited 1 branch of the dungeon, and saw 2 of its levels.

You collected 51 gold pieces.

Inventory:

Hand Weapons
 g - a +0 club
 i - a +0 dagger
 m - a +0 dagger (weapon)
 n - a +0 dagger
 p - a +0 dagger
Missiles
 e - 29 arrows
 h - 16 stones (quivered)
Armour
 a - a +0 robe
 b - a +0 hat (worn)
 k - a +0 cloak (worn)
 o - a +0 scale mail
 v - a +0 robe (worn)
Jewellery
 r - a +3 ring of intelligence (left hand)
Scrolls
 c - 3 scrolls of remove curse {unknown}
 j - 2 scrolls of teleportation {unknown}
 q - a scroll of amnesia {unknown}
 t - a scroll of blinking {unknown}
Potions
 l - a potion of might {unknown}
 s - a potion of flight {unknown}
 u - a potion of heal wounds {unknown}
Comestibles
 d - 3 rations
 f - 5 chunks of flesh


   Skills:
 + Level 1.7 Dodging
 + Level 3.2 Stealth
 + Level 0.2 Unarmed Combat
 + Level 3.8 Spellcasting
 + Level 1.4 Conjurations
   Level 1.0 Summonings
   Level 1.0 Translocations


You had 8 spell levels left.
You knew the following spells:

 Your Spells              Type           Power        Failure   Level  Hunger
a - Magic Dart            Conj           ##..         7%          1    None

Your spell library contained the following spells:

 Spells                   Type           Power        Failure   Level  Hunger
 Blink                    Tloc           N/A          12%         2    #......
 Call Imp                 Summ           #.......     12%         2    #......
 Slow                     Hex            #.......     19%         2    #......
 Conjure Flame            Conj/Fire      #.......     26%         3    ###....
 Mephitic Cloud           Conj/Pois/Air  #.......     30%         3    ###....


Dungeon Overview and Level Annotations

Branches:
Dungeon (2/15)

Altars:


Innate Abilities, Weirdness & Mutations

You cannot wear boots.
Your serpentine skin is tough. (AC +1)
You have supernaturally acute eyesight. (SInv)
Armour fits poorly on your strangely shaped body.
Your system is resistant to poisons. (rPois)
You cover ground very slowly.
You have a slow metabolism.
You can spit poison.


Message History

The worm is almost dead.
The worm bites you.
You hit the worm.
The worm is almost dead.
You barely miss the worm.
The worm is almost dead.
The worm barely misses you.
You hit the worm but do no damage.
The worm is severely wounded.
The worm bites you!
* * * LOW HITPOINT WARNING * * *
Casting: Magic Dart (safe; 7% risk of failure)
Confirm with . or Enter, or press ? or * to list all spells.
Aiming: Magic Dart (safe; 7% risk of failure)
Press: ? - help, Shift-Dir - straight line, f/p - worm
Aim: a worm (heavily wounded)
The magic dart hits the worm.
The worm is severely wounded.
The worm bites you!
You die...

#..#.#.#...##.
#..#.......... .... .##
#..#)#.###.##.# #.......
####..#........... ... ...
......###.###.## #. #.#..#
####..###.###.####.##.#..#
#............. .......
##.###.##########..# #.#
#.......@w...†# #.#
#.###########.# ###
#.###########.#
#.....<.......#
#.############# ###


You could see a worm.

Vanquished Creatures
  An adder (D:2)
  An orc (D:2)
  A giant cockroach (D:2)
  5 goblins
  3 hobgoblins
  5 bats
  A frilled lizard (D:1)
  5 kobolds
  6 rats
28 creatures vanquished.

Notes
Turn   | Place    | Note
-------+----------+-------------------------------------------
     0 | D:1      | Forecaster the Naga Wizard began the quest for the Orb.
     0 | D:1      | Reached XP level 1. HP: 15/15 MP: 4/4
   461 | D:1      | Reached XP level 2. HP: 22/22 MP: 0/6
   815 | D:2      | Reached XP level 3. HP: 16/28 MP: 1/8
  1224 | D:2      | Slain by a worm

Levels and vault maps discovered:
D:1:      mrwooster_arrival_statue_2, layout_basic
D:2:      layout_basic, first_ration

Action                   || total
-------------------------++-------
Melee: Unarmed           ||     3
       Dagger            ||    17
 Cast: Magic Dart        ||    70
 Abil: Spit Poison       ||     1
Armor: Robe              ||     4
Dodge: Dodged            ||    16

Table legend:
 A = Non-vault XP
 B = Vault XP
 C = Vault XP percentage of total XP
 D = Non-vault monster count
 E = Vault monster count
 F = Vault count percentage of total count
                 A         B        C        D         E       F
            +---------+---------+-------+---------+---------+-------
      Total |      53 |       0 |   0.0 |      28 |       0 |   0.0
            +---------+---------+-------+---------+---------+-------
        D:1 |      14 |       0 |   0.0 |      11 |       0 |   0.0
        D:2 |      39 |       0 |   0.0 |      17 |       0 |   0.0
            +---------+---------+-------+---------+---------+-------
